AoeStats
← smallrice6888

Golden Pit

507202939Analyzed
1v1 RM · 16d ago on Sep 17, 2026· 40m 50s· 2 players
Game mode
Random Map
Map size
Tiny (2 player)
Population
200
Speed
Normal
Resources
Standard
Victory
Conquest
Starting age
Dark Age
Ending age
Imperial Age
RankedLock teamsTeams togetherTeam positionsShared explorationLock speedFull tech treeHidden civsTurbo modeCheats
Victory
Defeat
🇲🇽 Aztecs · Mexico
691
+14
🇹🇼 Franks · Taiwan
648
-14
Blackshadow
3:13 Loom
8:58 Loom
11:58 Feudal Age
13:13 Double-Bit Axe
24:19 Castle Age
24:56 Forging
24:37 Fletching
25:14 Bow Saw
25:58 Crossbowman
27:48 Eagle Warrior
29:22 Squires
30:00 Arson
32:01 Scale Mail Armor
35:03 Bodkin Arrow
41:20 Iron Casting
smallrice6888
13:57 Feudal Age
12:12 Loom
15:44 Man-at-Arms
18:54 Castle Age
18:35 Double-Bit Axe
19:24 Gambesons
20:42 Squires
20:54 Arson
22:05 Long Swordsman
26:18 Fletching
32:13 Wheelbarrow
37:33 Imperial Age
35:21 Hand Cart
35:28 Bodkin Arrow
36:46 Forging
37:07 Scale Mail Armor
37:12 Elite Skirmisher
37:38 Two-Handed Swordsman
Connection lost

Rejoining the realm…

Still unreachable

The connection could not be restored.

Session expired

The server has moved on; the page needs a fresh start.